 Dungeon Crawl Stone Soup version 0.30-a0-576-g89cddaab80 (webtiles) character file.

Game seed: 11365121353451715219

88 MackTheKnife the Carver (level 4, -1/61 HPs)
             Began as a Gnoll Wanderer on Dec 30, 2022.
             Slain by Grinder (6 damage)
             ... while paralysed by Grinder
             ... on level 3 of the Dungeon.
             The game lasted 00:10:10 (1904 turns).

MackTheKnife the Carver (Gnoll Wanderer)            Turns: 1904, Time: 00:10:10

Health: -1/61      AC:  6    Str: 12    XL:     4   Next: 54%
Magic:  8/8        EV:  2    Int: 15    God:
Gold:   62         SH:  0    Dex:  9    Spells: 8/9 levels left

rFire   . . .      SeeInvis +    a - +3 falchion {long}
rCold   . . .      Faith    .    i - +0 buckler
rNeg    . . .      Spirit   .    o - +0 ring mail
rPois   .          Reflect  +    (no helmet)
rElec   .          Harm     .    (no cloak)
rCorr   .          Rampage  .    (no gloves)
Will    .....                    p - +0 pair of boots Stlth
                                 r - amulet of reflection
HPRegen 0.30/turn                B - ring of see invisible
MPRegen 0.11/turn                (no ring)

@: paralysed, berserking (expiring)
A: fangs 1, strong nose, distributed training
a: no special abilities


You were on level 3 of the Dungeon.
You visited 1 branch of the dungeon, and saw 3 of its levels.

You collected 62 gold pieces.


Innate Abilities, Weirdness & Mutations

You have very sharp teeth.
Your uncanny sense of smell can sniff out nearby items.
Your experience applies equally to all skills.


   Skills:
 + Level 6.6 Fighting
 + Level 1.2 Short Blades
 + Level 8.6 Long Blades
 + Level 1.2 Axes
 + Level 1.2 Maces & Flails
 + Level 1.2 Polearms
 + Level 1.2 Staves
 + Level 1.2 Ranged Weapons
 + Level 1.2 Throwing
 + Level 1.2 Armour
 + Level 1.2 Dodging
 + Level 1.2 Stealth
 + Level 1.2 Shields
 + Level 1.2 Unarmed Combat
 + Level 3.0 Spellcasting
 + Level 1.0 Conjurations
 + Level 1.0 Hexes
 + Level 1.0 Summonings
 + Level 3.9 Necromancy
 + Level 1.0 Translocations
 + Level 1.0 Transmutations
 + Level 1.0 Fire Magic
 + Level 1.0 Ice Magic
 + Level 1.0 Air Magic
 + Level 1.0 Earth Magic
 + Level 1.0 Poison Magic
 + Level 1.3 Invocations
 + Level 1.2 Evocations


You had 8 spell levels left.
You knew the following spells:

 Your Spells              Type           Power      Damage    Failure   Level
a - Kiss of Death         Conj/Necr      36%        2d8       22%         1

Your spell library contained the following spells:

 Spells                   Type           Power      Damage    Failure   Level
 Vampiric Draining        Necr           13%        2d6       36%         3
 Magic Dart               Conj           20%        1d4       38%         1
 Sandblast                Erth           10%        2d5       38%         1
 Passwall                 Tmut/Erth      4%         N/A       52%         2
 Searing Ray              Conj           10%        2d4       52%         2
 Stone Arrow              Conj/Erth      10%        3d7       77%         3
 Fulminant Prism          Conj/Hex       2%         3d5       99%         4

Inventory:

Hand Weapons
 a - a +3 falchion (weapon) {long}
 v - the +3 whip "Muesym" {heavy, Dex+3, mace}
   (You found it on level 2 of the Dungeon)

   It deals dramatically more damage, but attacks with it are much slower.
   Dex:       It affects your dexterity (+3).
 y - a +0 dagger of electrocution {short}
   (You took it off a kobold on level 3 of the Dungeon)
Missiles
 j - 17 stones (quivered) {throwing}
Armour
 c - a +0 robe
 e - a +0 chain mail
   (You found it on level 1 of the Dungeon)
 g - a +0 robe
   (You found it on level 1 of the Dungeon)
 i - a +0 buckler (worn)
   (You found it on level 1 of the Dungeon)
 m - a +0 leather armour
   (You found it on level 1 of the Dungeon)
 o - a +0 ring mail (worn)
   (You found it on level 1 of the Dungeon)
 p - a +0 pair of boots (worn)
   (You found it on level 1 of the Dungeon)
 q - a +0 leather armour
   (You found it on level 1 of the Dungeon)
 t - a +0 ring mail
   (You found it on level 2 of the Dungeon)
Jewellery
 r - an amulet of reflection (around neck)
   (You found it on level 2 of the Dungeon)
 B - a ring of see invisible (left hand)
   (You found it on level 3 of the Dungeon)
Scrolls
 d - 2 scrolls of vulnerability {unknown}
 h - 4 scrolls of identify {unknown}
 l - a scroll of acquirement {unknown}
 s - a scroll of teleportation {unknown}
 w - a scroll of immolation {unknown}
 A - a scroll of enchant armour {unknown}
 D - a scroll of brand weapon {unknown}
Potions
 f - a potion of attraction {unknown}
 k - a potion of resistance {unknown}
 n - a potion of magic {unknown}
 u - a potion of curing {@q1}
 x - a potion of invisibility {unknown}
 z - a potion of might {unknown}
 C - a potion of flight {unknown}

Dungeon Overview and Level Annotations

Branches:
Dungeon (3/15) Zot: 16106

Altars:

Shops:
D:3 :

Annotations:
D:2 Sigmund
D:3 Grinder

....# . #...#
.. #.#.# ##
##.#.## .
#.....####.##
#
#[#.#........
#
#r....5......
#5####.......
#@# .......
#.# .......
#.# ...r...
#.# ...?...
##.# ######.
#####..## ∆
#####.......#
#...........#
#...........#
##


You could see Grinder and a rat.


Message History

You kill the jackal!
Your Conjurations skill increases to level 1!
Your Hexes skill increases to level 1!
Your Summonings skill increases to level 1!
Your Translocations skill increases to level 1!
Your Transmutations skill increases to level 1!
Your Fire Magic skill increases to level 1!
Your Ice Magic skill increases to level 1!
Your Air Magic skill increases to level 1!
Your Earth Magic skill increases to level 1!
Your Poison Magic skill increases to level 1!
You hit the rat.
You kill the rat!
Things that are here:
a rat corpse; a jackal corpse
Found 10 gold pieces.
Found a stone staircase leading down.
You now have 62 gold pieces (gained 10).
Found a stone staircase leading up.
C - a murky red potion A ball python comes into view.
The ball python hisses angrily.
You hit the ball python.
You kill the ball python!
Found Bomoe's Vocational Training.
There is an entrance to Bomoe's Vocational Training here.
There is an entrance to Bomoe's Vocational Training here.
D - a scroll labelled PEONET ZUKKUXE
j - 17 stones {throwing} (gained 2)
u - 2 purple potions (gained 1)
An adder comes into view.
The adder hisses angrily.
You closely miss the adder. You block the adder's attack.
You closely miss the adder. You block the adder's attack.
You hit the adder. The adder barely misses you.
You barely miss the adder. You block the adder's attack.
The adder bites you but does no damage.
You hit the adder. The adder barely misses you.
You miss the adder. You block the adder's attack.
You miss the adder. Your bite misses the adder. The adder barely misses you.
You closely miss the adder. The adder bites you but does no damage.
You miss the adder. You block the adder's attack.
You barely miss the adder. The adder bites you but does no damage.
The adder bites you. 😕 HP[-2]
You take 2 damage, and now have 39/41 hp.
You closely miss the adder. Your bite misses the adder. The adder misses you.
You slash the adder!
You kill the adder!
You see here an adder corpse. 😕 HP[+1] 😎 HP[+1]
Your hp is fully restored (41).
Grinder shouts!
A rat comes into view.
It was a potion of curing.
You feel better. Grinder gestures at you.
You suddenly lose the ability to move!
Grinder hits you.
You writhe in agony.
Grinder hits you.
You writhe in agony.
Grinder hits you.
* * * LOW HITPOINT WARNING * * *
You can move again. 😨 HP[-23]
You take 23 damage, and now have 18/41 hp.
MASSIVE DAMAGE!! (PAUSE) Unknown command.
Unknown command.
Unknown command.
Really quaff
b - a potion of berserk rage {!q}?
A red film seems to cover your vision as you go berserk!
You feel yourself moving faster!
You feel mighty! Grinder gestures at you.
You resist with significant effort. 😨 HP[+9]
You now have 61 max hp (+20).
You regained 9 hp, and now have 27/61 hp.
You slash Grinder! You block Grinder's attack.
You hit Grinder. You hit Grinder. Grinder hits you!
* * * LOW HITPOINT WARNING * * *
You writhe in agony.
* * * LOW HITPOINT WARNING * * *
😱 HP[-13]
You take 13 damage, and now have 14/61 hp.
MASSIVE DAMAGE!! (PAUSE)
You hit Grinder. Grinder gestures at you. You resist with significant effort.
You barely miss Grinder. You bite Grinder. 😱 HP[+1]
You hit Grinder. Grinder gestures at you.
You suddenly lose the ability to move!
Grinder barely misses you. Grinder hits you!
* * * LOW HITPOINT WARNING * * *
You writhe in agony.
* * * LOW HITPOINT WARNING * * *
Grinder hits you.
You die...

Skill      XL: |  1  2  3  4 |
---------------+-------------+-----
Invocations    | 1 |  1.3
Short Blades   | 1 |  1.2
Axes           | 1 |  1.2
Maces & Flails | 1 |  1.2
Polearms       | 1 |  1.2
Staves         | 1 |  1.2
Ranged Weapons | 1 |  1.2
Throwing       | 1 |  1.2
Armour         | 1 |  1.2
Dodging        | 1 |  1.2
Stealth        | 1 |  1.2
Shields        | 1 |  1.2
Unarmed Combat | 1 |  1.2
Evocations     | 1 |  1.2
Spellcasting   | 3 |  3.0
Conjurations   | 1 |  1.0
Hexes          | 1 |  1.0
Summonings     | 1 |  1.0
Translocations | 1 |  1.0
Transmutations | 1 |  1.0
Fire Magic     | 1 |  1.0
Ice Magic      | 1 |  1.0
Air Magic      | 1 |  1.0
Earth Magic    | 1 |  1.0
Poison Magic   | 1 |  1.0
Fighting       | |  6.6
Long Blades    | |  8.6
Necromancy     | |  3.9

Action                   |  1- 3 |  4- 6 || total
-------------------------+-------+-------++-------
Melee: Falchion          |    93 |    42 ||   135
       Bite              |     7 |     3 ||    10
Throw: Stone             |     8 |       ||     8
  Use: Potion            |       |     2 ||     2
 Stab: Sleeping          |     1 |       ||     1
Armor: Robe              |     7 |       ||     7
       Ring mail         |    10 |     6 ||    16
Dodge: Dodged            |    34 |     8 ||    42
Block: Buckler           |    14 |    12 ||    26

Levels and vault maps discovered:
D:1:      ncdulo_halloftheorcs, layout_basic
D:2:      layout_rooms, uniq_robin, uniq_sigmund
D:3:      layout_rooms, ebering_ecumenical_altar_hall, nicolae_shop_vocational,
          uniq_grinder

Notes
Turn   | Place    | Note
-------+----------+-------------------------------------------
     0 | D:1      | MackTheKnife the Gnoll Wanderer began the quest for the
                  | Orb.
     0 | D:1      | MackTheKnife set off with the following items: a +3
                  | falchion {long}, a potion of berserk rage {!q}, a +0 robe;
                  | and the following spell memorised: Kiss of Death; and the
                  | following spells available to memorise: Vampiric Draining.
     0 | D:1      | Reached XP level 1. HP: 23/23 MP: 4/4
     0 | D:1      | magus.rc [v1.9.6]
    92 | D:1      | You pick up a book of Geomancy and begin reading...
    92 | D:1      | You add the spells Sandblast, Passwall and Stone Arrow to
                  | your library.
   187 | D:1      | Reached XP level 2. HP: 27/29 MP: 5/5
   215 | D:1      | You fall into a shaft and drop 1 floor!
   242 | D:2      | Noticed Sigmund
   727 | D:1      | Reached XP level 3. HP: 33/35 MP: 7/7
   904 | D:1      | Reached skill level 1 in Invocations
  1086 | D:2      | You pick up a book of Conjurations {@e2} and begin
                  | reading...
  1086 | D:2      | You add the spells Magic Dart, Searing Ray and Fulminant
                  | Prism to your library.
  1289 | D:2      | Reached skill level 1 in Short Blades
  1289 | D:2      | Reached skill level 1 in Axes
  1289 | D:2      | Reached skill level 1 in Maces & Flails
  1289 | D:2      | Reached skill level 1 in Polearms
  1289 | D:2      | Reached skill level 1 in Staves
  1289 | D:2      | Reached skill level 1 in Ranged Weapons
  1289 | D:2      | Reached skill level 1 in Throwing
  1289 | D:2      | Reached skill level 1 in Armour
  1289 | D:2      | Reached skill level 1 in Dodging
  1289 | D:2      | Reached skill level 1 in Stealth
  1289 | D:2      | Reached skill level 1 in Shields
  1289 | D:2      | Reached skill level 1 in Unarmed Combat
  1289 | D:2      | Reached skill level 1 in Evocations
  1357 | D:2      | Identified the +3 whip "Muesym" {heavy, Dex+3}
  1456 | D:2      | Reached XP level 4. HP: 40/41 MP: 8/8
  1503 | D:3      | Found a faded altar of an unknown god.
  1635 | D:3      | Reached skill level 3 in Spellcasting
  1664 | D:3      | Noticed Grinder
  1758 | D:3      | Reached skill level 1 in Conjurations
  1758 | D:3      | Reached skill level 1 in Hexes
  1758 | D:3      | Reached skill level 1 in Summonings
  1758 | D:3      | Reached skill level 1 in Translocations
  1758 | D:3      | Reached skill level 1 in Transmutations
  1758 | D:3      | Reached skill level 1 in Fire Magic
  1758 | D:3      | Reached skill level 1 in Ice Magic
  1758 | D:3      | Reached skill level 1 in Air Magic
  1758 | D:3      | Reached skill level 1 in Earth Magic
  1758 | D:3      | Reached skill level 1 in Poison Magic
  1811 | D:3      | Found Bomoe's Vocational Training.
  1890 | D:3      | Paralysed by Grinder for 5 turns
  1898 | D:3      | HP: 14/61 [Grinder (6)]
  1901 | D:3      | Paralysed by Grinder for 3 turns
  1903 | D:3      | HP: 7/61 [Grinder (8)]
  1904 | D:3      | Slain by Grinder

Vanquished Creatures
  3 adders
  A dart slug (D:1)
  5 endoplasms
  3 giant cockroaches
  3 goblins
  3 hobgoblins
  4 jackals (D:3)
  4 kobolds
  6 quokkas
  4 ball pythons
  6 bats
  7 frilled lizards
  10 rats
59 creatures vanquished.

Table legend:
 A = Non-vault XP
 B = Vault XP
 C = Vault XP percentage of total XP
 D = Non-vault monster count
 E = Vault monster count
 F = Vault count percentage of total count
                 A         B        C        D         E       F
            +---------+---------+-------+---------+---------+-------
      Total |     127 |       0 |   0.0 |      59 |       0 |   0.0
            +---------+---------+-------+---------+---------+-------
        D:1 |      45 |       0 |   0.0 |      28 |       0 |   0.0
        D:2 |      38 |       0 |   0.0 |      17 |       0 |   0.0
        D:3 |      44 |       0 |   0.0 |      14 |       0 |   0.0
            +---------+---------+-------+---------+---------+-------

Illustrated notes

Table legend:
 A = Kills in this place as a percentage of kills in entire the game.
 B = Kills by you in this place as a percentage of kills by you in the entire game.
 C = Kills by friends in this place as a percentage of kills by friends in the entire game.
 D = Other kills in this place as a percentage of other kills in the entire game.
 E = Experience gained in this place as a percentage of experience gained in the entire game.
 F = Experience gained in this place divided by the number of levels of this place that you have seen.
                   A       B       C       D       E      F
               +-------+-------+-------+-------+-------+----------------------
         Total | 100.0 | 100.0 |   N/A |   N/A | 100.0 |  42.3
       Dungeon | 100.0 | 100.0 |   N/A |   N/A | 100.0 |  42.3
               +-------+-------+-------+-------+-------+----------------------

Table legend: (Time is in decaauts)
 A = Elapsed time spent in this place.
 B = Non-inter-level travel time spent in this place.
 C = Inter-level travel time spent in this place.
 D = Time resting spent in this place.
 E = Time spent auto-exploring this place.
 F = Levels seen in this place.
 G = Mean time per level.
                   A        B        C        D        E       F      G
               +--------+--------+--------+--------+--------+-----+--------+
         Total |   1892 |   1743 |    149 |    103 |    628 |   3 |  630.7 |
       Dungeon |   1892 |   1743 |    149 |    103 |    628 |   3 |  630.7 |
               +--------+--------+--------+--------+--------+-----+--------+

Top non-repeatable levels by time:
     D:1: 1085 daAuts
     D:3: 425 daAuts
     D:2: 382 daAuts
